 Dungeon Crawl Stone Soup version 0.29.0-4-gdea44cf6ec (webtiles) character file.

Game seed: 17550551967458819312

446 qw the Chopper (level 7, -7/40 HPs)
             Began as a Tengu Warper on Aug 28, 2022.
             Mangled by Prince Ribbit (10 damage)
             ... on level 5 of the Dungeon.
             The game lasted 00:00:24 (4148 turns).

qw the Chopper (Tengu Warper)                       Turns: 4148, Time: 00:00:24

Health: -7/40      AC: 10    Str: 13    XL:     7   Next: 3%
Magic:  11/11      EV:  7    Int: 13    God:
Gold:   269        SH:  0    Dex: 14    Spells: 10/10 levels left

rFire   . . .      SeeInvis .   Y - +1 hand axe
rCold   . . .      Faith    .   (no shield)
rNeg    + . .      Spirit   .   b - +0 chain mail
rPois   .          Reflect  .   (helmet restricted)
rElec   .          Harm     .   n - +0 cloak
rCorr   .          Rampage  .   (no gloves)
Will    +....                   (boots unavailable)
Stlth   ..........              i - amulet of regeneration
HPRegen 0.93/turn               h - ring of willpower
MPRegen 0.12/turn               f - ring of positive energy

@: flying quickly and evasively, quick
A: beak, talons 3, nimble flight
a: no special abilities


You were on level 5 of the Dungeon.
You visited 1 branch of the dungeon, and saw 5 of its levels.

You collected 269 gold pieces.


Innate Abilities, Weirdness & Mutations

You have a beak for a mouth.
You have claws for feet.
Your magical nature lets you fly swiftly and evasively.


   Skills:
 + Level 2.1 Fighting
 - Level 7.2 Axes
 - Level 1.0 Throwing
 - Level 3.3 Armour
 - Level 2.1 Dodging
 - Level 2.0 Spellcasting
 - Level 2.4 Translocations


You had 10 spell levels left.
You didn't know any spells.
Your spell library contained the following spells:

 Spells                   Type           Power      Damage    Failure   Level
 Blink                    Tloc           14%        N/A       99%         2
 Gell's Gravitas          Tloc           7%         N/A       100%        3
 Lesser Beckoning         Tloc           7%         N/A       100%        3
 Teleport Other           Tloc           7%         N/A       100%        3
 Manifold Assault         Tloc           7%         N/A       100%        5

Inventory:

Hand Weapons
 g - a +0 flail
 Y - a +1 hand axe (weapon)
Armour
 b - a +0 chain mail (worn)
 n - a +0 cloak (worn)
Jewellery
 f - a ring of positive energy (right hand)
 h - a ring of willpower (left hand)
 i - an amulet of regeneration (around neck)
Scrolls
 a - a scroll of identify
Potions
 e - a potion of curing
 k - a potion of flight {unknown}
 l - a potion of attraction {unknown}

Dungeon Overview and Level Annotations

Branches:
Dungeon (5/15)
 Temple: D:4-7

Altars:
Dithmenos
Qazlal
Sif Muna
Zin

Annotations:
D:5 Prince Ribbit


Message History

Prince Ribbit comes into view.
Prince Ribbit croaks.
Prince Ribbit blinks!
Prince Ribbit blinks!
You slash the adder! You claw the adder.
You kill the adder!
Prince Ribbit hits you but does no damage.
You barely miss Prince Ribbit. Your peck misses Prince Ribbit.
Prince Ribbit blinks!
Prince Ribbit blinks!
Prince Ribbit is nearby!
Prince Ribbit catches a millipede with his tongue.
Prince Ribbit barely misses you.
You hit Prince Ribbit. Your kick misses Prince Ribbit.
Your peck misses Prince Ribbit.
Prince Ribbit is lightly wounded.
Prince Ribbit closely misses you.
You hit Prince Ribbit but do no damage. Your kick misses Prince Ribbit.
Prince Ribbit is lightly wounded.
Prince Ribbit hits you!
You completely miss Prince Ribbit. Your kick misses Prince Ribbit.
Prince Ribbit is lightly wounded.
Prince Ribbit hits you! Prince Ribbit barely misses you.
You closely miss Prince Ribbit. You claw Prince Ribbit.
Prince Ribbit is lightly wounded.
Prince Ribbit blinks!
Prince Ribbit blinks!
You hit Prince Ribbit.
Prince Ribbit is lightly wounded.
Prince Ribbit hits you.
You barely miss Prince Ribbit. You peck Prince Ribbit.
Prince Ribbit is lightly wounded.
Prince Ribbit hits you.
You closely miss Prince Ribbit. You claw Prince Ribbit. You peck Prince Ribbit.
Prince Ribbit is moderately wounded.
Prince Ribbit hits you!
You miss Prince Ribbit. Your kick misses Prince Ribbit.
Prince Ribbit is moderately wounded.
Prince Ribbit hits you!
You die...

.......# ####.
<......### ###<......
#.)....## ###.........
##.#.....###...........
#..###.................
##.##
###...............
...####
###.............
......# ##....F.......
......# ###..@.......
.....## ###........
<....# ##....... ....##
#...... ...## #.....
...# ##... ..## ##. .##
##


You could see Prince Ribbit.

Vanquished Creatures
  Eustachio (D:5)
  A black bear (D:5)
  A scorpion (D:5)
  A jelly (D:5)
  5 adders
  A worm (D:2)
  4 dart slugs
  An orc (D:5)
  5 ball pythons
  7 endoplasms
  2 giant cockroaches
  6 goblins
  10 hobgoblins
  4 quokkas
  4 bats
  5 frilled lizards
  9 kobolds
  4 rats
71 creatures vanquished.

Notes
Turn   | Place    | Note
-------+----------+-------------------------------------------
     0 | D:1      | qw the Tengu Warper began the quest for the Orb.
     0 | D:1      | Reached XP level 1. HP: 12/12 MP: 4/4
     0 | D:1      | 0 ||| qw: Version: 0.1-a-89-g26bdef1
     0 | D:1      | 0 ||| qw: Game counter: 2302
     0 | D:1      | 0 ||| qw: Always use a shield: true
     0 | D:1      | 0 ||| qw: God list: Okawaru
     0 | D:1      | 0 ||| qw: Allow faded altars: false
     0 | D:1      | 0 ||| qw: Do Orc after D:15 true
     0 | D:1      | 0 ||| qw: Do second Lair branch before Depths: true
     0 | D:1      | 0 ||| qw: Lair rune preference: random
     0 | D:1      | 0 ||| qw: Plans: Normal
     0 | D:1      | 0 ||| PLANNING D:1-11
    11 | D:1      | 11 ||| Stepping ~*~*~tactically~*~*~ (stealth).
   125 | D:1      | Reached skill level 3 in Axes
   125 | D:1      | Reached XP level 2. HP: 14/17 MP: 6/6
   176 | D:1      | 176 ||| Stepping ~*~*~tactically~*~*~ (stealth).
   474 | D:1      | 474 ||| DROPPING +0 club.
   546 | D:1      | 546 ||| Stepping ~*~*~tactically~*~*~ (stealth).
   566 | D:1      | 566 ||| Stepping ~*~*~tactically~*~*~ (stealth).
   567 | D:1      | 567 ||| Stepping ~*~*~tactically~*~*~ (stealth).
   652 | D:1      | 652 ||| DROPPING +0 whip.
   692 | D:1      | Reached XP level 3. HP: 21/21 MP: 7/7
   812 | D:1      | 812 ||| Stepping ~*~*~tactically~*~*~ (hiding).
   914 | D:1      | 914 ||| Stepping ~*~*~tactically~*~*~ (hiding).
   967 | D:1      | Reached skill level 4 in Axes
  1651 | D:1      | 1651 ||| UPGRADING to +0 ring mail.
  1661 | D:1      | 1661 ||| DROPPING +0 leather armour.
  1662 | D:1      | 1662 ||| UPGRADING to +0 cloak.
  1667 | D:1      | 1667 ||| UPGRADING to amulet of regeneration.
  1672 | D:1      | 1672 ||| DROPPING +6 ring of intelligence.
  1673 | D:1      | 1673 ||| UPGRADING to ring of willpower.
  1674 | D:1      | 1674 ||| READING scroll labelled VOMESK UTIASEFE.
  1675 | D:1      | 1675 ||| READING scroll labelled IMEYTH IXEPTEPT.
  1676 | D:1      | 1676 ||| READING scroll labelled ORHENECWOHIM.
  1677 | D:1      | 1677 ||| READING scroll labelled KASAMP IQ HITO.
  1678 | D:1      | 1678 ||| DROPPING scroll of blinking.
  1756 | D:2      | Reached XP level 4. HP: 26/26 MP: 8/8
  1798 | D:2      | 1798 ||| Stepping ~*~*~tactically~*~*~ (stealth).
  1875 | D:2      | 1875 ||| Stepping ~*~*~tactically~*~*~ (stealth).
  2016 | D:2      | Reached skill level 5 in Axes
  2127 | D:2      | 2127 ||| Stepping ~*~*~tactically~*~*~ (stealth).
  2177 | D:2      | 2177 ||| READING scroll labelled JUROT DYNUED.
  2178 | D:2      | 2178 ||| READING 2 scrolls of identify.
  2178 | D:2      | 2178 ||| IDENTIFYING fuming red potion
  2179 | D:2      | 2179 ||| DROPPING potion of berserk rage.
  2180 | D:2      | 2180 ||| Stepping randomly (stuck).
  2181 | D:2      | 2181 ||| Stepping ~*~*~tactically~*~*~ (cloud).
  2182 | D:2      | HP: 6/26 [poisoned by you (poison gas)]
  2185 | D:2      | HP: 2/26 [poisoned by you (poison gas)]
  2190 | D:2      | HP: 1/26 [poisoned by you (poison gas)]
  2407 | D:3      | 2407 ||| Stepping ~*~*~tactically~*~*~ (hiding).
  2840 | D:3      | Found a shadowy altar of Dithmenos.
  3148 | D:3      | 3148 ||| UPGRADING to ring of positive energy.
  3149 | D:3      | 3149 ||| READING scroll labelled ROKOMP UDIY.
  3154 | D:3      | 3154 ||| READING scroll labelled QOPNYRRENO.
  3155 | D:3      | 3155 ||| DRINKING 2 fizzy green potions.
  3156 | D:3      | 3156 ||| READING 2 scrolls of identify.
  3156 | D:3      | 3156 ||| IDENTIFYING murky white potion
  3157 | D:3      | 3157 ||| DROPPING potion of degeneration.
  3276 | D:4      | Gained mutation: Your magical nature lets you fly swiftly
                  | and evasively. [Tengu growth]
  3276 | D:4      | Reached XP level 5. HP: 30/30 MP: 9/9
  3445 | D:4      | 3445 ||| DROPPING +0 whip of electrocution.
  3686 | D:4      | Found a shimmering blue altar of Sif Muna.
  3686 | D:4      | Found a glowing silver altar of Zin.
  3688 | D:4      | Found a stormy altar of Qazlal.
  3745 | D:4      | 3745 ||| UPGRADING to +0 chain mail.
  3755 | D:4      | 3755 ||| DROPPING +0 ring mail.
  3756 | D:4      | 3756 ||| READING 2 scrolls of identify.
  3756 | D:4      | 3756 ||| IDENTIFYING white potion
  3908 | D:4      | 3908 ||| Stepping randomly (stuck).
  3946 | D:5      | Entered Level 5 of the Dungeon
  3954 | D:5      | Noticed a black bear
  3965 | D:5      | Killed a black bear
  3966 | D:5      | Reached skill level 3 in Armour
  3987 | D:5      | Noticed Eustachio
  3999 | D:5      | Reached skill level 6 in Axes
  3999 | D:5      | Reached XP level 6. HP: 19/35 MP: 10/10
  4001 | D:5      | HP: 7/35 [Eustachio/+2 falchion of draining (7)]
  4002 | D:5      | 4002 ||| DRINKING potion of heal wounds.
  4007 | D:5      | HP: 7/30 [Eustachio/+2 falchion of draining (1)]
  4012 | D:5      | Killed Eustachio
  4013 | D:5      | Reached skill level 7 in Axes
  4013 | D:5      | Reached XP level 7. HP: 9/40 MP: 11/11
  4125 | D:5      | Noticed Prince Ribbit
  4146 | D:5      | HP: 9/40 [Prince Ribbit (4)]
  4147 | D:5      | HP: 2/40 [Prince Ribbit (8)]
  4148 | D:5      | Mangled by Prince Ribbit

Levels and vault maps discovered:
D:1:      minmay_arrival_floating_metal, layout_loops_ring, fountainhead,
          chequers_serial_rivers_large_b, minmay_hedge_maze,
          minmay_tree_intersection, st_stairs_1, minmay_tetromino_s4
D:2:      layout_rooms
D:3:      layout_basic, mainiacjoe_overflow_boulevard
D:4:      layout_loops_ring, nicolae_overflow_hidden_temple,
          minmay_crystal_room, minmay_parallelograms
D:5:      wander_river, layout_cave_pods, uniq_blork_the_orc, uniq_pikel,
          uniq_prince_ribbit1, uniq_duvessa, uniq_eustachio

Skill      XL: |  1  2  3  4  5  6 |
---------------+-------------------+-----
Axes           | 3 4 5 6 7 |  7.2
Armour         | 3 |  3.3
Fighting       | |  2.1
Throwing       | |  1.0
Dodging        | |  2.1
Spellcasting   | |  2.0
Translocations | |  2.4

Action                   |  1- 3 |  4- 6 |  7- 9 || total
-------------------------+-------+-------+-------++-------
Melee: Hand axe          |    72 |   129 |    12 ||   213
       Peck              |    13 |    22 |     3 ||    38
       Kick              |    17 |    27 |     4 ||    48
       Punch             |       |     1 |       ||     1
Throw: Boomerang         |     7 |       |       ||     7
  Use: Scroll            |     4 |     6 |       ||    10
       Potion            |       |     2 |       ||     2
Armor: Leather armour    |     8 |       |       ||     8
       Ring mail         |     4 |    24 |       ||    28
       Chain mail        |       |    25 |     2 ||    27
Dodge: Dodged            |    37 |    65 |     3 ||   105

Table legend:
 A = Non-vault XP
 B = Vault XP
 C = Vault XP percentage of total XP
 D = Non-vault monster count
 E = Vault monster count
 F = Vault count percentage of total count
                 A         B        C        D         E       F
            +---------+---------+-------+---------+---------+-------
      Total |     438 |     200 |  31.3 |      68 |       3 |   4.2
            +---------+---------+-------+---------+---------+-------
        D:1 |      49 |       3 |   5.8 |      25 |       2 |   7.4
        D:2 |      85 |       0 |   0.0 |      20 |       0 |   0.0
        D:3 |      23 |       0 |   0.0 |      11 |       0 |   0.0
        D:4 |      13 |       0 |   0.0 |       7 |       0 |   0.0
        D:5 |     268 |     197 |  42.4 |       5 |       1 |  16.7
            +---------+---------+-------+---------+---------+-------
